 Dungeon Crawl Stone Soup version 0.23.2 (webtiles) character file.

Game seed: 11632554505208647336

5 Gargoyl the Skirmisher (level 1, -1/19 HPs)
             Began as a Centaur Abyssal Knight on Apr 6, 2019.
             Was a Follower of Lugonu.
             Killed from afar by a wretched star (20 damage)
             ... with an orb of energy
             ... on level 5 of the Abyss.
             The game lasted 00:01:06 (335 turns).

Gargoyl the Skirmisher (Centaur Abyssal Knight)      Turns: 335, Time: 00:01:06

Health: -1/19      AC:  4    Str: 14    XL:     1   Next: 66%
Magic:  0/2        EV:  9    Int: 11    God:    Lugonu [*.....]
Gold:   108        SH:  0    Dex:  8    Spells: 0/0 levels left

rFire    x . .     SeeInvis +   a - +1 hand axe
rCold    . . .     Gourm    .   (no shield)
rNeg     . . .     Faith    .   b - +0 leather armour
rPois    .         Spirit   +   (no helmet)
rElec    .         Reflect  .   (no cloak)
rCorr    .         Harm     .   (no gloves)
MR       ++...                  (no barding)
Stlth    +.........             e - amulet of Sloth {Spirit rF- MR++ SInv Stlth+}
HPRegen  0.06/turn              (no ring)
MPRegen  0.08/turn              (no ring)

@: very quick
A: large, hooves 3, deformed body, speed 2, tough skin 3
a: Depart the Abyss, Renounce Religion


You were on level 5 of the Abyss.
You worshipped Lugonu.
Lugonu was aware of your devotion.
You were not hungry.

You visited 0 branches of the dungeon, and saw 0 of its levels.
You visited the Abyss 1 time.

You collected 108 gold pieces.

Inventory:

Hand Weapons
 a - a +1 hand axe (weapon)
Armour
 b - a +0 leather armour (worn)
Jewellery
 e - the amulet of Sloth (around neck) {Spirit rF- MR++ SInv Stlth+}
   (You found it on level 2 of the Abyss)

   [amulet of guardian spirit]

   It causes incoming damage to be split between your health and magic.
   It makes you vulnerable to fire.
   It affects your resistance to hostile enchantments.
   It lets you see invisible.
   It makes you more stealthy.
 f - a +4 amulet of reflection {unknown}
Potions
 d - a potion of haste
Comestibles
 c - 2 rations


   Skills:
 + Level 3.2 Fighting
 + Level 1.8 Axes
 + Level 1.4 Armour
 + Level 0.6 Dodging
 + Level 2.0 Invocations


You couldn't memorise any spells.
You didn't know any spells.
Your spell library was empty.

Dungeon Overview and Level Annotations

Branches:
Dungeon (0/15)

Altars:


Innate Abilities, Weirdness & Mutations

You have hooves in place of feet.
Armour fits poorly on your strangely shaped body.
You cover ground very quickly.
You have extremely tough skin. (AC +3)


Message History

You plunge deeper into the Abyss.
The abyssal rune of Zot can be found at this depth.
As you read the scroll labeled XIAPIF YWEWATUOV, it crumbles to dust.
You hear a loud clanging noise!
It was a scroll of noise.
As you read the scroll labeled NAXTITA JUNTAY, it crumbles to dust.
It is a scroll of amnesia.
You feel forgetful for a moment.
Found a corrupted altar of Lugonu.
You now have 108 gold pieces (gained 28).
Your extra speed is starting to run out.
You feel yourself slow down.
A wretched star and a large abomination come into view.
Found 35 gold pieces.
You see here a small silver amulet.
f - a small silver amulet The wretched star glows turbulently.
The orb of energy hits you!!
Ouch! That really hurt!
You die...

. .X# ##.. ....
#§.### ###
#.§@##..#
#§#.*.#.# ### #
...#.§.#####...
.#..#.###.. ..#
#$###........#
## #
#.#.####.#.##
#### . #.....
#.. ..##
#..#..##


You could see a wretched star and a large abomination.

Vanquished Creatures
  An ufetubus (Abyss:2)
1 creature vanquished.

Vanquished Creatures (others)
  An ufetubus (Abyss:3)
1 creature vanquished.

Grand Total: 2 creatures vanquished

Notes
Turn   | Place    | Note
-------+----------+-------------------------------------------
     0 | Abyss:1  | Gargoyl the Centaur Abyssal Knight began the quest for the
                  | Orb.
     0 | Abyss:1  | Reached XP level 1. HP: 19/19 MP: 2/2
    16 | Abyss:2  | Found a corrupted altar of Lugonu.
   124 | Abyss:2  | Noticed a large abomination
   184 | Abyss:2  | Got a coiled diamond amulet
   185 | Abyss:2  | Identified the amulet of Sloth {Spirit rF- MR++ SInv
                  | Stlth+} (You found it on level 2 of the Abyss)
   240 | Abyss:4  | Noticed a large abomination
   253 | Abyss:4  | Noticed a starcursed mass
   264 | Abyss:4  | Noticed a chaos spawn
   271 | Abyss:5  | Entered Level 5 of the Abyss
   288 | Abyss:5  | Found a corrupted altar of Lugonu.
   334 | Abyss:5  | Noticed a wretched star
   334 | Abyss:5  | Noticed a large abomination
   335 | Abyss:5  | Killed from afar by a wretched star

Action                   || total
-------------------------++-------
Melee: Hand axe          ||     1
       Kick              ||     1
  Use: Scroll            ||     3
       Potion            ||     1
Dodge: Dodged            ||     2
